 Dungeon Crawl Stone Soup version 0.26-a0-834-g69557b85cc (webtiles) character file.

Game seed: 15656716641512264892

431 mhtbhm the Chopper (level 7, 0/43 HPs)
             Began as a Gargoyle Fighter on Nov 16, 2020.
             Killed by divine providence
             ... invoked by an orc priest
              (12 damage)
             ... on level 3 of the Dungeon.
             The game lasted 00:04:21 (2479 turns).

mhtbhm the Chopper (Gargoyle Fighter)               Turns: 2479, Time: 00:04:21

Health: 0/43       AC: 23    Str: 21    XL:     7   Next: 0%
Magic:  7/7        EV:  4    Int:  9    God:
Gold:   122        SH:  9    Dex:  9    Spells: 6/6 levels left

rFire    . . .     SeeInvis .   a - +2 war axe (vorpal)
rCold    . . .     Faith    .   c - +0 kite shield
rNeg     + . .     Spirit   .   b - +0 plate armour
rPois    ∞         Reflect  .   o - +0 helmet
rElec    +         Harm     .   (no cloak)
rCorr    .         Rampage  .   (no gloves)
MR       .....                  f - +0 pair of boots
Stlth    ..........             (no amulet)
HPRegen  0.14/turn              r - +4 ring of protection
MPRegen  0.10/turn              (no ring)

@: no status effects
A: negative energy resistance 1, electricity resistance, unbreathing,
petrification resistance, rot immunity, AC +4
a: no special abilities


You were on level 3 of the Dungeon.
You visited 1 branch of the dungeon, and saw 3 of its levels.

You collected 122 gold pieces.

Inventory:

Hand Weapons
 a - a +2 vorpal war axe (weapon)
Armour
 b - a +0 plate armour (worn)
 c - a +0 kite shield (worn)
 f - a +0 pair of boots (worn)
 o - a +0 helmet (worn)
Jewellery
 r - a +4 ring of protection (left hand)
Wands
 k - a wand of random effects (32)
Scrolls
 h - a scroll of blinking
 i - 5 scrolls of teleportation
 l - 2 scrolls of enchant armour {unknown}
 m - a scroll of immolation {unknown}
 n - a scroll of remove curse {unknown}
 q - a scroll of random uselessness {unknown}
 t - a scroll of magic mapping {unknown}
Potions
 d - a potion of might
 e - a potion of berserk rage
 g - a potion of attraction {unknown}
 j - 2 potions of curing {unknown}
 p - 3 potions of heal wounds {unknown}
 s - a potion of degeneration {unknown}


   Skills:
 + Level 4.1 Fighting
 * Level 4.4(4.7) Axes
 - Level 2.7(4.2) Maces & Flails
 + Level 4.0 Armour
 + Level 1.0 Dodging
 + Level 4.2 Shields


You had 6 spell levels left.
You didn't know any spells.
Your spell library was empty.

Dungeon Overview and Level Annotations

Branches:
Dungeon (3/15)

Altars:
Kikubaaqudgha


Innate Abilities, Weirdness & Mutations

You are resistant to torment.
Your stone body is resilient. (AC +4)
You are immune to poison.
You resist negative energy. (rN+)
You are resistant to electric shocks. (rElec)
You can survive without breathing.
You are immune to petrification.
You are immune to rotting.


Message History

You are too injured to fight recklessly!
You are too injured to fight recklessly!
You are too injured to fight recklessly!
You barely miss the orc priest.
The orc priest is severely wounded.
You block the orc priest's attack.
You hit the orc priest.
The orc priest is almost dead.
You block the orc priest's attack.
The orc priest mumbles some strange prayers to Beogh against you.
Beogh smites you!
* * * LOW HITPOINT WARNING * * *
You closely miss the orc priest.
The orc priest is almost dead.
The orc priest barely misses you.
You barely miss the orc priest.
The orc priest is almost dead.
The orc priest invokes the aid of Beogh against you.
Beogh smites you!
You die...

≈≈≈.# #.#
≈≈≈.# #.#
≈≈≈.# #.#
≈≈≈.# #.#
≈≈≈.# #.#
≈≈≈.# #.#
≈≈..# #.#
≈≈.##
#.###########
≈≈.#
#...$@oooobg.
≈..#
#############
≈.## ..# .##
.# ## #


You could see an orc priest, 3 orcs, a goblin and a bat.

Vanquished Creatures
  An ice beast (D:3)
  A sky beast (D:3)
  An orc priest (D:3)
  2 orc wizards (D:3)
  Ijyb (D:3)
  Robin (D:2)
  2 adders (D:3)
  2 worms (D:2)
  4 dart slugs
  2 leopard geckos
  2 orcs (D:3)
  6 giant cockroaches
  16 goblins
  10 hobgoblins
  7 jackals (D:1)
  9 kobolds
  A quokka (D:3)
  A ball python (D:1)
  7 bats
  4 frilled lizards
  9 rats
89 creatures vanquished.

Notes
Turn   | Place    | Note
-------+----------+-------------------------------------------
     0 | D:1      | mhtbhm the Gargoyle Fighter began the quest for the Orb.
     0 | D:1      | Reached XP level 1. HP: 14/14 MP: 1/1
    98 | D:1      | Reached XP level 2. HP: 17/19 MP: 2/2
   381 | D:1      | Reached XP level 3. HP: 23/23 MP: 3/3
  1261 | D:2      | Reached XP level 4. HP: 28/28 MP: 4/4
  1304 | D:2      | Noticed Robin
  1309 | D:2      | Killed Robin
  1403 | D:2      | Found a faded altar of an unknown god.
  1528 | D:2      | Found an ancient bone altar of Kikubaaqudgha.
  1871 | D:3      | Reached skill level 1 in Axes
  2029 | D:3      | Noticed Ijyb
  2038 | D:3      | Killed Ijyb
  2039 | D:3      | Reached XP level 5. HP: 33/33 MP: 5/5
  2057 | D:3      | Noticed an ice beast
  2069 | D:3      | Killed an ice beast
  2070 | D:3      | Reached skill level 1 in Dodging
  2070 | D:3      | Reached XP level 6. HP: 38/38 MP: 6/6
  2245 | D:3      | Noticed a sky beast
  2264 | D:3      | Killed a sky beast
  2470 | D:3      | Reached XP level 7. HP: 43/43 MP: 7/7
  2479 | D:3      | Killed from afar by an orc priest

Illustrated notes

Levels and vault maps discovered:
D:1:      dpeg_arrival_more_subterranean_lakeside_camping, layout_rooms,
          minmay_fountain_box
D:2:      layout_rooms, general_overflow_altar, chequers_ecumenical_altar_grove,
          minmay_stone_trees_small, uniq_robin
D:3:      wander_river, layout_basic, uniq_ijyb

Skill      XL: |  1  2  3  4  5  6 |
---------------+-------------------+-----
Shields        | 4 |  4.2
Axes           | 1 3 4 |  4.4
Dodging        | 1 |  1.0
Fighting       | 4 |  4.1
Armour         | 4 |  4.0
Maces & Flails | |  2.7

Action                   |  1- 3 |  4- 6 |  7- 9 || total
-------------------------+-------+-------+-------++-------
Melee: Flail             |   157 |       |       ||   157
       War axe           |     7 |   114 |    10 ||   131
  Use: Scroll            |     4 |       |       ||     4
Armor: Scale mail        |   117 |       |       ||   117
       Plate armour      |     3 |    77 |     3 ||    83
Dodge: Dodged            |    61 |    14 |     2 ||    77
Block: Kite shield       |   104 |    53 |     2 ||   159

Table legend: (Time is in decaauts)
 A = Elapsed time spent in this place.
 B = Non-inter-level travel time spent in this place.
 C = Inter-level travel time spent in this place.
 D = Time resting spent in this place.
 E = Time spent auto-exploring this place.
 F = Levels seen in this place.
 G = Mean time per level.
                   A        B        C        D        E       F      G
               +--------+--------+--------+--------+--------+-----+--------+
         Total |   2598 |   2546 |     52 |    293 |   1284 |   3 |  866.0 |
       Dungeon |   2598 |   2546 |     52 |    293 |   1284 |   3 |  866.0 |
               +--------+--------+--------+--------+--------+-----+--------+

Top non-repeatable levels by time:
     D:2: 987 daAuts
     D:1: 907 daAuts
     D:3: 703 daAuts
